AoeStats
← Green Assassin

Fortress

509734347Analyzed
4v4 RM · 3d ago on Sep 27, 2026· 36m 34s· 8 players
Game mode
Random Map
Map size
Huge
Population
200
Speed
Normal
Resources
Standard
Victory
Conquest
Starting age
Dark Age
Ending age
Imperial Age
RankedLock teamsTeams togetherTeam positionsShared explorationLock speedFull tech treeHidden civsTurbo modeCheats
Victory
Defeat
🇲🇽 Varangians · Mexico
1380
+12
🇵🇾 Mongols · Paraguay
1371
+13
🇲🇽 Wu · Mexico
1334
+14
🇧🇷 Spanish · Brazil
1324
+14
🇺🇸 Bulgarians · United States
1366
-16
🇩🇪 Teutons · Germany
1291
-13
🇳🇴 Britons · Norway
1266
-12
🇵🇹 Spanish · Portugal
1249
-12
whitewidow52
6:44 Loom
8:32 Feudal Age
12:12 Castle Age
10:42 Double-Bit Axe
10:41 Horse Collar
13:47 Wheelbarrow
14:42 Bow Saw
18:47 Hand Cart
22:39 Gold Mining
22:40 Stone Mining
25:57 Imperial Age
23:13 Loom
23:21 Loom
23:55 Bloodlines
23:45 Husbandry
25:09 Gold Shaft Mining
25:14 Stirrups
25:27 Scale Barding Armor
25:32 Forging
26:53 Elite Konnik
27:34 Cavalier
29:04 Chain Barding Armor
29:20 Iron Casting
29:57 Plate Barding Armor
32:17 Light Cavalry
35:19 Blast Furnace
Green Assassin
0:29 Loom
6:50 Feudal Age
9:18 Horse Collar
9:24 Double-Bit Axe
14:14 Castle Age
14:14 Wheelbarrow
13:38 Fletching
15:59 Bodkin Arrow
17:36 Padded Archer Armor
17:40 Elite Skirmisher
23:41 Leather Archer Armor
25:15 Ballistics
25:35 Squires
Dagis
8:04 Feudal Age
11:53 Castle Age
10:17 Double-Bit Axe
10:40 Horse Collar
11:02 Fletching
12:36 Bodkin Arrow
14:29 Forging
14:34 Bow Saw
19:44 Ballistics
22:10 Wheelbarrow
23:38 Loom
24:54 Hand Cart
29:16 Imperial Age
27:47 Padded Archer Armor
29:51 Leather Archer Armor
30:03 Bracer
31:10 Chemistry
31:05 Conscription
Massarock
7:20 Feudal Age
11:49 Castle Age
11:17 Double-Bit Axe
11:13 Horse Collar
13:14 Bow Saw
13:43 Wheelbarrow
14:40 Heavy Plow
15:54 Loom
18:46 Town Watch
20:03 Hand Cart
21:24 Padded Archer Armor
23:02 Leather Archer Armor
26:47 Imperial Age
27:47 Scale Barding Armor
27:54 Forging
27:56 Cavalier
28:49 Bloodlines
28:42 Husbandry
29:44 Two-Man Saw
29:08 Conscription
28:49 Elite Conquistador
29:54 Chain Barding Armor
31:36 Paladin
32:47 Fletching
33:34 Plate Barding Armor
33:32 Bodkin Arrow
34:08 Ring Archer Armor
34:18 Ring Archer Armor
34:44 Elite Skirmisher
35:26 Bracer
36:46 Iron Casting
emmanueldltq08
7:19 Feudal Age
11:02 Castle Age
9:21 Double-Bit Axe
9:43 Horse Collar
12:03 Bow Saw
12:24 Heavy Plow
17:31 Loom
21:11 Gold Mining
22:15 Wheelbarrow
23:59 Fervor
27:37 Imperial Age
25:55 Hand Cart
25:58 Bloodlines
26:04 Scale Barding Armor
26:15 Light Cavalry
26:56 Husbandry
27:22 Chain Barding Armor
27:12 Forging
27:23 Vendel Legacy
27:57 Cavalier
29:02 Conscription
29:21 Plate Barding Armor
28:27 Hussar
29:49 Stone Mining
30:17 Guilds
30:48 Iron Casting
32:44 Blast Furnace
35:39 Fletching
35:35 Treadmill Crane
36:02 Siege Engineers
TheFireKnight
7:40 Feudal Age
9:09 Double-Bit Axe
11:47 Castle Age
9:44 Horse Collar
10:28 Fletching
10:55 Padded Archer Armor
11:19 Loom
12:12 Wheelbarrow
12:36 Bodkin Arrow
14:44 Bow Saw
15:24 Town Watch
21:16 Ballistics
23:26 Red Cliffs Tactics
23:26 Guard Tower
25:40 Hand Cart
27:20 Masonry
27:07 Gold Mining
27:11 Stone Mining
31:05 Imperial Age
29:37 Leather Archer Armor
33:02 Chemistry
32:25 Sitting Tiger
32:57 Conscription
32:57 Bracer
miguel_carl7s
7:05 Feudal Age
10:48 Castle Age
9:46 Double-Bit Axe
9:46 Horse Collar
11:39 Bow Saw
13:31 Town Watch
14:01 Loom
17:22 Fervor
20:00 Stone Mining
20:50 Heavy Plow
21:57 Wheelbarrow
23:04 Hand Cart
22:55 Town Patrol
23:34 Fletching
23:44 Padded Archer Armor
28:47 Imperial Age
26:51 Bodkin Arrow
27:19 Leather Archer Armor
27:48 Caravan
29:11 Ballistics
29:02 Masonry
29:32 Bloodlines
29:23 Husbandry
31:12 Chemistry
29:40 Elite Mangudai
30:45 Conscription
31:15 Parthian Tactics
30:57 Thumb Ring
31:22 Bracer
cesarmmartins
4:18 Loom
4:25 Loom
7:14 Feudal Age
7:37 Horse Collar
10:41 Gold Mining
14:40 Castle Age
14:18 Double-Bit Axe
16:35 Bow Saw
17:19 Wheelbarrow
17:27 Bloodlines
17:40 Scale Barding Armor
18:16 Heavy Plow
22:57 Chain Barding Armor
23:16 Stone Mining
24:17 Padded Archer Armor
24:39 Husbandry
25:23 Fletching
26:01 Hand Cart
25:32 Town Watch
31:08 Imperial Age
29:47 Bodkin Arrow
33:33 Cavalier
36:20 Plate Barding Armor
35:13 Paladin
36:28 Conscription
Connection lost

Rejoining the realm…

Still unreachable

The connection could not be restored.

Session expired

The server has moved on; the page needs a fresh start.